 Dungeon Crawl Stone Soup version 0.28-a0-1382-g92835e5c71 (webtiles) character file.

Game seed: 4995904568985833517

301 polve the Cutter (level 6, -2/47 HPs)
             Began as a Demonspawn Abyssal Knight on Jan 1, 2022.
             Was a Believer of Lugonu.
             Slain by a gnoll (4 damage)
             ... on level 3 of the Dungeon.
             The game lasted 00:03:07 (3586 turns).

polve the Cutter (Demonspawn Abyssal Knight)        Turns: 3586, Time: 00:03:08

Health: -2/47      AC:  5    Str: 15    XL:     6   Next: 14%
Magic:  7/7        EV: 16    Int: 11    God:    Lugonu [**....]
Gold:   181        SH:  0    Dex: 14    Spells: 5/5 levels left

rFire   . . .      SeeInvis .   h - +2 short sword (drain)
rCold   . . .      Faith    .   (no shield)
rNeg    . . .      Spirit   .   b - +0 leather armour
rPois   .          Reflect  .   (helmet restricted)
rElec   .          Harm     .   (no cloak)
rCorr   .          Rampage  .   k - +0 pair of gloves
Will    .....                   (no boots)
Stlth   +.........              (no amulet)
HPRegen 0.15/turn               g - +4 ring of evasion
MPRegen 0.10/turn               (no ring)

@: no status effects
A: horns 1, foul stench 1, sharp scales 1
a: Renounce Religion, Depart the Abyss, Bend Space


You were on level 3 of the Dungeon.
You worshipped Lugonu.
Lugonu was pleased with you.
You visited 1 branch of the dungeon, and saw 3 of its levels.
You visited the Abyss 1 time.

You collected 181 gold pieces.

Inventory:

Hand Weapons
 h - a +2 short sword of draining (weapon)
Armour
 b - a +0 leather armour (worn)
 k - a +0 pair of gloves (worn)
Jewellery
 g - a +4 ring of evasion (left hand)
Scrolls
 a - a scroll of enchant weapon {unknown}
 d - 3 scrolls of identify {unknown}
 e - a scroll of acquirement {unknown}
 f - a scroll of fog {unknown}
 j - 2 scrolls of teleportation {unknown}


   Skills:
 - Level 3.0 Fighting
 - Level 4.0 Short Blades
 + Level 3.5 Armour
 + Level 3.1 Dodging
 - Level 2.4 Invocations


You had 5 spell levels left.
You didn't know any spells.
Your spell library contained the following spells:

 Spells                   Type           Power      Damage    Failure   Level
 Inner Flame              Hex/Fire       0%         N/A       78%         3
 Portal Projectile        Hex/Tloc       0%         N/A       78%         3
 Yara's Violent Unravell  Hex/Tmut       0%         3d3       100%        5


Dungeon Overview and Level Annotations

Branches:
Dungeon (3/15)

Altars:


Innate Abilities, Weirdness & Mutations

You have a pair of small horns on your head.
You may rarely emit foul miasma when damaged in melee.
You are partially covered in razor-sharp scales. (AC +1, Slay +1)


Message History

The gnoll is severely wounded.
The gnoll misses you. The gnoll closely misses you.
The gnoll hits you with a +0 halberd!
You barely miss the gnoll.
The gnoll is severely wounded.
The gnoll completely misses you. The gnoll barely misses you. x2
You hit the gnoll but do no damage. Your headbutt misses the gnoll.
The gnoll is severely wounded.
The gnoll closely misses you. x2; The gnoll hits you with a +0 halberd.
You hit the gnoll. Your headbutt misses the gnoll.
The gnoll is almost dead.
The gnoll closely misses you. The gnoll barely misses you.
You hit the gnoll.
You kill the gnoll!
Lugonu accepts your kill. The gnoll hits you with a +0 whip.
* * * LOW HITPOINT WARNING * * *
The gnoll closely misses you.
You hit the gnoll but do no damage. You drain the gnoll.
The gnoll is moderately wounded.
The gnoll barely misses you. The gnoll hits you but does no damage.
You completely miss the gnoll.
You headbutt the gnoll, but do no damage.
The gnoll is moderately wounded.
The gnoll hits you with a +0 whip.
* * * LOW HITPOINT WARNING * * *
You barely miss the gnoll.
The gnoll is moderately wounded.
The gnoll hits you with a +0 halberd.
* * * LOW HITPOINT WARNING * * *
You hit the gnoll. You drain the gnoll. Your headbutt misses the gnoll.
The gnoll is almost dead.
The gnoll hits you with a +0 whip.
* * * LOW HITPOINT WARNING * * *
The gnoll barely misses you.
You hit the gnoll.
You kill the gnoll!
Lugonu accepts your kill. The gnoll hits you with a +0 whip.
You die...

≈.....# ≈......
##+#####+#### ≈......#
#...........# .......#
#...........#
.......###...........#
........##...........+
......#.##...........#
.........#.....).)...#
.........#.....g@....#
...8.⌠.8.............#
#.......(............#
##.⌠._.⌠.............#
#...................#
##.8.⌠.8.....####+####
..........(..≈P≈..#
............P≈P...#
..........≈≈P≈P≈P.#


You could see a gnoll.

Vanquished Creatures
  Sigmund (D:3)
  5 gnolls
  5 adders
  3 dart slugs
  2 orcs (D:3)
  3 endoplasms
  2 giant cockroaches
  2 hobgoblins
  8 jackals
  2 quokkas (D:2)
  3 ball pythons (D:1)
  9 bats
  4 frilled lizards
  4 goblins
  3 kobolds
  8 rats
64 creatures vanquished.

Vanquished Creatures (others)
  3 plants (D:3)
3 creatures vanquished.

Grand Total: 67 creatures vanquished

Notes
Turn   | Place    | Note
-------+----------+-------------------------------------------
     0 | Abyss:1  | polve the Demonspawn Abyssal Knight began the quest for the
                  | Orb.
     0 | Abyss:1  | Reached XP level 1. HP: 18/18 MP: 2/2
    66 | Abyss:1  | Noticed a small abomination
    89 | D:1      | Escaped the Abyss
   379 | D:1      | Reached skill level 2 in Short Blades
   709 | D:1      | Gained mutation: You have a pair of small horns on your
                  | head. [demonic ancestry]
   709 | D:1      | Reached XP level 2. HP: 23/24 MP: 3/3
   850 | D:1      | Reached * piety under Lugonu
  1100 | D:1      | Reached skill level 3 in Short Blades
  1134 | D:1      | Reached XP level 3. HP: 20/29 MP: 4/4
  1258 | D:1      | Got the Almanac of Malediction
  1927 | D:2      | Reached XP level 4. HP: 19/35 MP: 5/5
  2101 | D:2      | Reached skill level 4 in Short Blades
  2101 | D:2      | Reached skill level 1 in Dodging
  3184 | D:3      | Noticed Sigmund
  3186 | D:3      | Found a faded altar of an unknown god.
  3231 | D:3      | Killed Sigmund
  3232 | D:3      | Gained mutation: You may rarely emit foul miasma when
                  | damaged in melee. [demonic ancestry]
  3232 | D:3      | Reached XP level 5. HP: 3/41 MP: 6/6
  3232 | D:3      | Gained mutation: You are partially covered in razor-sharp
                  | scales. (AC +1, Slay +1) [demonic ancestry]
  3232 | D:3      | Reached XP level 6. HP: 4/47 MP: 7/7
  3574 | D:3      | Reached ** piety under Lugonu
  3585 | D:3      | HP: 2/47 [gnoll (4)]
  3586 | D:3      | Slain by a gnoll

Illustrated notes

Levels and vault maps discovered:
D:1:      minmay_arrival_four_loops, layout_loops_corners
D:2:      layout_loops_ring, chequers_serial_rivers_room_a
D:3:      layout_basic, hellmonk_ecumenical_altar_dog_temple, serial_bayou,
          serial_bayou_pond_b, serial_bayou_pond_c, serial_bayou_shore_a,
          serial_bayou_lagoon_a, minmay_door_square, uniq_ijyb, uniq_sigmund

Skill      XL: |  1  2  3  4 |
---------------+-------------+-----
Short Blades   | 2 3 4 |  4.0
Dodging        | 3 |  3.1
Armour         | 3 |  3.5
Fighting       | |  3.0
Invocations    | |  2.4

Action                   |  1- 3 |  4- 6 || total
-------------------------+-------+-------++-------
Melee: Short sword       |    90 |    96 ||   186
       Headbutt          |     4 |    14 ||    18
Invok: Depart the Abyss  |     1 |       ||     1
  Use: Potion            |       |     2 ||     2
 Stab: Sleeping          |     3 |     1 ||     4
Armor: Leather armour    |    16 |    21 ||    37
Dodge: Dodged            |    53 |    90 ||   143

Table legend: (Time is in decaauts)
 A = Elapsed time spent in this place.
 B = Non-inter-level travel time spent in this place.
 C = Inter-level travel time spent in this place.
 D = Time resting spent in this place.
 E = Time spent auto-exploring this place.
 F = Levels seen in this place.
 G = Mean time per level.
                   A        B        C        D        E       F      G
               +--------+--------+--------+--------+--------+-----+--------+
         Total |   3553 |   3525 |     28 |      0 |   3103 |   4 |  888.2 |
       Dungeon |   3464 |   3436 |     28 |      0 |   3037 |   3 | 1154.7 |
         Abyss |     89 |     89 |      0 |      0 |     66 |   1 |   89.0 |
               +--------+--------+--------+--------+--------+-----+--------+

Top non-repeatable levels by time:
     D:1: 1634 daAuts
     D:2: 1053 daAuts
     D:3: 777 daAuts
 Abyss:1: 89 daAuts
